[Event "Titled Tuesday Blitz November 01 Early 2022"]
[White "Dominguez Perez, Leinier"]
[Black "Darini, Pouria"]
[WhiteFideId "3503240"]
[BlackFideId "12502200"]
[WhiteElo "2647"]
[BlackElo "2483"]
[Result "1-0"]
[Round "02"]
[TimeControl "180+1"]
[Date "2022.11.01"]
[WhiteClock "0:01:08"]
[BlackClock "0:00:01"]

1. e4 c5 2. Nf3 Nc6 3. d4 cxd4 4. Nxd4 Nf6 5. Nc3 d6 6. Bg5 e6 7. Qd2 a6 8. O-O-O Bd7 9. f3 Be7 10. Be3 b5 11. g4 Nxd4 12. Qxd4 e5 13. Qd2 h6 14. Kb1 Be6 15. h4 Rc8 16. Be2 Qa5 17. g5 b4 18. Nd5 Nxd5 19. exd5 Bf5 20. Bd3 Bxd3 21. Qxd3 Qb5 22. Qf5 Qd7 23. Qe4 a5 24. f4 f5 25. gxf6 Bxf6 26. fxe5 Bxe5 27. Rhf1 Qe7 28. Qg6+ Kd8 29. Bb6+ Rc7 30. Rf7 1-0


[Site "https://www.chess.com"]

[Event "Titled Tuesday Blitz November 01 Early 2022"]
[White "Donchenko, Alexander"]
[Black "Dushyant Sharma"]
[WhiteFideId "24603295"]
[BlackFideId "25065130"]
[WhiteElo "2572"]
[BlackElo "2270"]
[Result "1/2-1/2"]
[Round "02"]
[TimeControl "180+1"]
[Date "2022.11.01"]
[WhiteClock "0:00:05"]
[BlackClock "0:00:13"]

1. Nf3 d5 2. g3 e6 3. Bg2 Nf6 4. O-O Be7 5. c4 O-O 6. d4 dxc4 7. Qc2 c5 8. dxc5 Nc6 9. Nbd2 e5 10. Rd1 Bxc5 11. Nxc4 Qe7 12. Bg5 Nd4 13. Nxd4 exd4 14. Rac1 h6 15. Bxf6 Qxf6 16. Nd2 Bb6 17. Nb3 Bf5 18. Qd2 Rad8 19. Bxb7 d3 20. exd3 Bxd3 21. Nc5 Bxc5 22. Rxc5 Be4 23. Qxd8 Rxd8 24. Rxd8+ Qxd8 25. Rc8 Qxc8 26. Bxc8 Bd5 27. a3 f6 28. f4 Kf7 29. Kf2 Ke7 30. Ke3 Kd6 31. Kd4 Bb3 32. Bf5 Ba2 33. b4 Kc6 34. Bd3 Be6 35. a4 Bb3 36. a5 Be6 37. h4 Kd6 38. Bc4 Bc8 39. b5 Bb7 40. Bd3 Bf3 41. Be4 Be2 42. b6 axb6 43. axb6 Ba6 44. Bd5 Bf1 45. b7 Kc7 46. Bc6 Bh3 47. Kd5 Bg2+ 48. Kc5 Bxc6 49. b8=Q+ Kxb8 50. Kxc6 Kc8 51. Kd6 Kd8 52. Ke6 Ke8 53. Kf5 Kf7 54. h5 Kg8 55. Kg6 Kh8 56. Kf7 Kh7 57. Kf8 Kh8 58. g4 Kh7 59. Kf7 Kh8 60. f5 Kh7 61. Kf8 Kh8 62. Kf7 Kh7 63. Kf8 Kh8 64. Kf7 1/2-1/2


[Site "https://www.chess.com"]

[Event "Titled Tuesday Blitz November 01 Early 2022"]
[White "Durarbayli, Vasif"]
[Black "Araujo Sanchez, Josue"]
[WhiteFideId "13402935"]
[BlackFideId "6416896"]
[WhiteElo "2586"]
[BlackElo "2370"]
[Result "1-0"]
[Round "02"]
[TimeControl "180+1"]
[Date "2022.11.02"]
[WhiteClock "0:00:11"]
[BlackClock "0:00:04"]

1. e4 c5 2. Nf3 e6 3. g3 b6 4. d4 cxd4 5. Bg2 Bb7 6. Nxd4 Nf6 7. O-O d6 8. Re1 Nbd7 9. a4 a6 10. b3 Qc7 11. Ba3 Be7 12. Nd2 O-O 13. Nc4 Rfd8 14. Qe2 Bf8 15. Rad1 Nc5 16. e5 Bxg2 17. exf6 Bb7 18. fxg7 Bxg7 19. Qg4 b5 20. Bb2 f5 21. Qg5 h6 22. Qg6 Qf7 23. Qxf7+ Kxf7 24. axb5 Bxd4 25. Rxd4 Ke7 26. b6 Rac8 27. Ba3 Bd5 28. Ne3 Be4 29. f3 e5 30. Rc4 Bxf3 31. Bxc5 Ke6 32. Bb4 d5 33. Rxc8 Rxc8 34. c3 h5 35. Kf2 Be4 36. Nf1 Rb8 37. Bc5 Kd7 38. Nd2 Kc6 39. b4 Rf8 40. Nxe4 fxe4+ 41. Ke2 Rb8 42. Rf1 Rb7 43. Rf6+ Kb5 44. Re6 Kc4 45. Rxe5 1-0


[Site "https://www.chess.com"]

[Event "Titled Tuesday Blitz November 01 Early 2022"]
[White "Espinosa Aranda, Angel"]
[Black "Balkum, Alexander"]
[WhiteFideId "2278189"]
[BlackFideId "2005069"]
[WhiteElo "2478"]
[BlackElo "2332"]
[Result "1-0"]
[Round "02"]
[TimeControl "180+1"]
[Date "2022.11.02"]
[WhiteClock "0:01:09"]
[BlackClock "0:00:45"]

1. e4 c5 2. Nf3 Nc6 3. d4 cxd4 4. Nxd4 Nf6 5. Nc3 d6 6. Bg5 e6 7. Bb5 Qb6 8. Qd3 Bd7 9. Be3 Qc7 10. O-O-O a6 11. Bxc6 bxc6 12. h3 d5 13. Nb3 Bb4 14. a3 Bxc3 15. Qxc3 O-O 16. e5 Ne4 17. Qd4 Rab8 18. f3 Ng3 19. Rhe1 Nf5 20. Qc3 Rxb3 21. cxb3 Nxe3 22. Qxe3 c5 23. Kb1 Rb8 24. Rc1 c4 25. bxc4 Qb7 26. Qc3 dxc4 27. Red1 Bc6 28. Qb4 Bd5 29. Qxb7 Rxb7 30. Rxc4 1-0


[Site "https://www.chess.com"]

[Event "Titled Tuesday Blitz November 01 Early 2022"]
[White "Fernandez De La Vara, Arnaldo"]
[Black "Yeritsyan, Hayk"]
[WhiteFideId "3518388"]
[BlackFideId "13307320"]
[WhiteElo "2387"]
[BlackElo "2410"]
[Result "1-0"]
[Round "02"]
[TimeControl "180+1"]
[Date "2022.11.02"]
[WhiteClock "0:01:19"]
[BlackClock "0:00:17"]

1. Nf3 d5 2. c4 c6 3. g3 Nf6 4. Bg2 Bf5 5. O-O e6 6. Qb3 Qb6 7. d3 Nbd7 8. cxd5 Qxb3 9. axb3 cxd5 10. Nd4 Bg6 11. Nb5 Kd8 12. Nxa7 Bc5 13. Be3 d4 14. Nc6+ Kc7 15. Rxa8 Rxa8 16. Nxd4 Nd5 17. Bxd5 Bxd4 18. Bxd4 exd5 19. Nc3 Kd6 20. Rc1 f6 21. Kg2 Ra5 22. b4 Ra8 23. Nb5+ Ke7 24. Nc7 Rc8 25. Nxd5+ Kd8 26. Rxc8+ Kxc8 27. Ne7+ Kc7 28. Nxg6 hxg6 29. e4 Kc6 30. Kf3 Kb5 31. Bc3 Ne5+ 32. Bxe5 fxe5 33. Ke3 Kxb4 34. d4 Kb5 35. dxe5 Kc5 36. f4 1-0


[Site "https://www.chess.com"]

[Event "Titled Tuesday Blitz November 01 Early 2022"]
[White "Fernandez Siles, Luis"]
[Black "Ilkhomi, Jaloliddin"]
[WhiteFideId "2209420"]
[BlackFideId "14700948"]
[WhiteElo "2186"]
[BlackElo "2045"]
[Result "1/2-1/2"]
[Round "02"]
[TimeControl "180+1"]
[Date "2022.11.02"]
[WhiteClock "0:00:10"]
[BlackClock "0:00:31"]

1. e4 e6 2. d4 d5 3. Nd2 Nf6 4. Bd3 c5 5. c3 Nc6 6. Ngf3 cxd4 7. cxd4 dxe4 8. Nxe4 Nxe4 9. Bxe4 Bb4+ 10. Bd2 Bxd2+ 11. Qxd2 Bd7 12. O-O Qf6 13. d5 exd5 14. Bxd5 O-O 15. Rfe1 Rad8 16. Qc2 Nb4 17. Qb3 Nxd5 18. Qxd5 Bc6 19. Qe5 Bxf3 20. Qxf6 gxf6 21. gxf3 Rd2 22. Rab1 Rc8 23. Re7 Rcc2 24. Rxb7 Rxf2 25. Rxa7 Rg2+ 26. Kh1 Rxh2+ 27. Kg1 Rcg2+ 28. Kf1 Rg3 29. b4 Rxf3+ 30. Kg1 Rff2 31. b5 Rfg2+ 32. Kf1 Rg5 33. Rb3 Rc5 34. Kg1 Rd2 35. Rb1 Rg5+ 36. Kh1 Rd4 37. Rb2 Rh4+ 38. Rh2 Rxh2+ 39. Kxh2 Rxb5 40. a4 Rb2+ 41. Kg3 Ra2 42. Kg4 Kg7 43. Ra8 Rg2+ 44. Kf4 Ra2 45. Kg4 h6 46. a5 Ra1 47. a6 Ra5 48. a7 f5+ 49. Kf4 Kf6 50. Kf3 h5 51. Kg3 Ra4 52. Kf3 h4 53. Kg2 Ra3 54. Rh8 Rxa7 55. Rxh4 Ke5 56. Rb4 Ra3 57. Rb5+ Kf4 58. Rb4+ Kg5 59. Kf2 f4 60. Kg2 f5 61. Rb8 f3+ 62. Kg3 f2+ 63. Kxf2 Kg4 64. Rg8+ Kf4 65. Rb8 Ra2+ 66. Kf1 Kg3 67. Rb3+ Kg4 68. Rc3 f4 69. Rb3 Rc2 70. Ra3 Rb2 71. Rc3 Rb5 72. Ra3 Re5 73. Rb3 Re4 74. Ra3 f3 75. Ra8 Kf4 76. Ra3 Rb4 77. Ra8 Rb5 78. Rf8+ Ke3 79. Re8+ Kd3 80. Rd8+ Ke4 81. Re8+ Kd4 82. Rd8+ Ke5 83. Re8+ Kf4 84. Rf8+ Kg4 85. Rg8+ Rg5 86. Rxg5+ Kxg5 87. Kg1 Kf4 88. Kf2 Ke4 89. Kf1 Kf5 90. Kf2 Kg4 91. Kf1 Kg3 92. Kg1 Kh3 93. Kf2 Kg4 94. Kf1 Kf4 95. Kf2 Ke4 96. Kf1 Ke3 97. Ke1 f2+ 98. Kf1 Kf3 1/2-1/2


[Site "https://www.chess.com"]

[Event "Titled Tuesday Blitz November 01 Early 2022"]
[White "Gabdrakhmanov, Azat"]
[Black "Ibarra Jerez, Jose Carlos"]
[WhiteFideId "34189197"]
[BlackFideId "2226332"]
[WhiteElo "2233"]
[BlackElo "2627"]
[Result "0-1"]
[Round "02"]
[TimeControl "180+1"]
[Date "2022.11.01"]
[WhiteClock "0:00:08"]
[BlackClock "0:00:56"]

1. e4 c5 2. Nf3 e6 3. d4 cxd4 4. Nxd4 Bc5 5. Nb3 Bb6 6. Nc3 Ne7 7. Qf3 O-O 8. Be3 f5 9. Bxb6 Qxb6 10. O-O-O fxe4 11. Qxe4 d5 12. Qh4 Ng6 13. Qh5 Rf5 14. Qh3 Qxf2 15. g3 Nc6 16. Bd3 Rf6 17. Rhf1 Qe3+ 18. Kb1 e5 19. Qh5 Rxf1 20. Rxf1 Nce7 21. Nxd5 Nxd5 22. Bxg6 hxg6 23. Qxg6 Bh3 24. Qf7+ Kh7 25. Rd1 Nf6 26. a4 Bf5 27. g4 Bg6 28. Qe6 Re8 29. Qd6 Qxb3 0-1


[Site "https://www.chess.com"]

[Event "Titled Tuesday Blitz November 01 Early 2022"]
[White "Gharibyan, Mamikon"]
[Black "Principe, Gerson"]
[WhiteFideId "13308300"]
[BlackFideId "3804550"]
[WhiteElo "2378"]
[BlackElo "2280"]
[Result "0-1"]
[Round "02"]
[TimeControl "180+1"]
[Date "2022.11.02"]
[WhiteClock "0:00:06"]
[BlackClock "0:00:12"]

1. d4 Nf6 2. c4 e6 3. Nf3 b6 4. g3 Bb7 5. Bg2 Be7 6. O-O O-O 7. Nc3 Ne4 8. Bd2 f5 9. Re1 Bf6 10. Qc2 Nxc3 11. Bxc3 Be4 12. Qa4 d6 13. Rad1 Nd7 14. Bh3 Bb7 15. Nd2 g6 16. e4 Re8 17. Qc2 Bg7 18. Bg2 Rb8 19. e5 Bxg2 20. Kxg2 dxe5 21. dxe5 c5 22. Nf3 Qc7 23. Qa4 Rbd8 24. Rd6 Bf8 25. Rd3 Nb8 26. Red1 Nc6 27. h4 Be7 28. Rxd8 Rxd8 29. Rxd8+ Nxd8 30. Qe8+ Kg7 31. Bd2 Nf7 32. a3 h6 33. Bc3 g5 34. hxg5 hxg5 35. Qa8 g4 36. Ne1 Ng5 37. Nd3 Qd7 38. Nf4 Qd1 39. Qb7 Kf7 40. Qc6 Qf3+ 41. Qxf3 Nxf3 42. Kf1 Bd8 43. b4 Bc7 44. Nd3 cxb4 45. axb4 Ke7 46. b5 Kd7 47. Ke2 Kc8 48. Ke3 Kd7 49. Kf4 Bd8 50. Nb4 Bg5# 0-1


[Site "https://www.chess.com"]

[Event "Titled Tuesday Blitz November 01 Early 2022"]
[White "Gokerkan, Cem Kaan"]
[Black "Bilan, Danila"]
[WhiteFideId "6336760"]
[BlackFideId "24161918"]
[WhiteElo "2365"]
[BlackElo "2203"]
[Result "1-0"]
[Round "02"]
[TimeControl "180+1"]
[Date "2022.11.02"]
[WhiteClock "0:00:25"]
[BlackClock "0:00:04"]

1. e4 c6 2. d4 d5 3. e5 c5 4. dxc5 e6 5. Be3 Qc7 6. b4 Qxe5 7. c3 Nf6 8. Nf3 Qc7 9. Na3 Bd7 10. Nb5 Bxb5 11. Bxb5+ Nc6 12. Qc1 Be7 13. Bf4 Qc8 14. O-O O-O 15. Re1 Ne4 16. Bd3 f5 17. Rb1 Bf6 18. c4 Bc3 19. Bxe4 Bxe1 20. Bxd5 exd5 21. cxd5 Nxb4 22. Nxe1 Nxd5 23. Bd6 Re8 24. Qc4 Qe6 25. Nf3 Nf6 26. Qd4 Ne4 27. Rxb7 Nxd6 28. Qxg7# 1-0


[Site "https://www.chess.com"]

[Event "Titled Tuesday Blitz November 01 Early 2022"]
[White "Gorodetzky, David"]
[Black "Richter, Paul"]
[WhiteFideId "2813416"]
[BlackFideId "2046350"]
[WhiteElo "2487"]
[BlackElo "2580"]
[Result "1-0"]
[Round "02"]
[TimeControl "180+1"]
[Date "2022.11.02"]
[WhiteClock "0:00:56"]
[BlackClock "0:00:06"]

1. c4 Nf6 2. Nc3 g6 3. d4 Bg7 4. e4 d6 5. Be2 O-O 6. Be3 Na6 7. Nf3 e5 8. d5 Nc5 9. Nd2 a5 10. a3 Nfd7 11. b4 axb4 12. axb4 Rxa1 13. Qxa1 Na6 14. Qa4 f5 15. f3 Bf6 16. g3 Bg5 17. f4 exf4 18. gxf4 Bh4+ 19. Kd1 fxe4 20. Ncxe4 Nf6 21. b5 Ng4 22. Bxg4 Bxg4+ 23. Kc1 Nc5 24. Rg1 Bf3 25. Nxc5 dxc5 26. Nxf3 Be7 27. Ne5 Qd6 28. Qc2 Qf6 29. Nxg6 Kf7 30. Nxe7 1-0


[Site "https://www.chess.com"]

[Event "Titled Tuesday Blitz November 01 Early 2022"]
[White "Goroshkov, Maksym"]
[Black "Maghsoodloo, Parham"]
[WhiteFideId "14142716"]
[BlackFideId "12539929"]
[WhiteElo "2257"]
[BlackElo "2676"]
[Result "1-0"]
[Round "02"]
[TimeControl "180+1"]
[Date "2022.11.01"]
[WhiteClock "0:01:17"]
[BlackClock "0:00:32"]

1. Nf3 d5 2. b3 c6 3. Bb2 Bf5 4. e3 h6 5. c4 Nf6 6. Nc3 e6 7. d4 Nbd7 8. Bd3 Bxd3 9. Qxd3 Bb4 10. O-O O-O 11. a3 Bxc3 12. Bxc3 a5 13. Nd2 Qb6 14. b4 axb4 15. Bxb4 Rfc8 16. e4 Qa6 17. e5 Ne8 18. Qg3 Nb6 19. Rfc1 Nxc4 20. Rxc4 dxc4 21. Ne4 c5 22. dxc5 b6 23. Nd6 bxc5 24. Bc3 Rcb8 25. h4 1-0


[Site "https://www.chess.com"]

[Event "Titled Tuesday Blitz November 01 Early 2022"]
[White "Guerrero Olmos, Sergio"]
[Black "Ljukin, Sergei"]
[WhiteFideId "2257238"]
[BlackFideId "14102200"]
[WhiteElo "2272"]
[BlackElo "2312"]
[Result "1-0"]
[Round "02"]
[TimeControl "180+1"]
[Date "2022.11.02"]
[WhiteClock "0:00:24"]
[BlackClock "0:00:01"]

1. d4 d5 2. Nf3 Nf6 3. Bf4 c5 4. e3 Nc6 5. c3 Qb6 6. Na3 c4 7. b3 e5 8. dxe5 Bxa3 9. exf6 Bb2 10. fxg7 Bxc3+ 11. Nd2 Bxg7 12. bxc4 Bxa1 13. Qxa1 d4 14. Bd3 Be6 15. O-O O-O-O 16. c5 Qa5 17. Ne4 Qxa2 18. Nd6+ Rxd6 19. Bxd6 Qxa1 20. Rxa1 dxe3 21. fxe3 h5 22. Be4 Bd7 23. Rf1 Re8 24. Bd5 Rxe3 25. Rxf7 Be6 26. Rc7+ Kd8 27. Bxe6 Rxe6 28. Rxb7 Re2 29. Rc7 Nd4 30. Rxa7 h4 31. Ra4 Rd2 32. h3 Ne2+ 33. Kf2 Nc3+ 34. Ke3 Rxg2 35. Rxh4 Kd7 36. Rg4 Ra2 37. h4 Kc6 38. h5 Nd5+ 39. Kf3 Ra3+ 40. Kf2 Rh3 41. Rg5 Nf6 42. Rg6 Nxh5 43. Kg2 Rb3 44. Rh6 Ng7 45. Be5+ Kxc5 46. Bxg7 Kd5 47. Rh5+ Ke4 48. Rh4+ Kf5 49. Rd4 Ra3 50. Bh6 Rb3 51. Kf2 Ke5 52. Be3 1-0


[Site "https://www.chess.com"]

[Event "Titled Tuesday Blitz November 01 Early 2022"]
[White "Harsh Suresh"]
[Black "Parpiev, Isaak"]
[WhiteFideId "45018464"]
[BlackFideId "34281576"]
[WhiteElo "2180"]
[BlackElo "2100"]
[Result "0-1"]
[Round "02"]
[TimeControl "180+1"]
[Date "2022.11.02"]
[WhiteClock "0:00:19"]
[BlackClock "0:00:21"]

1. Nf3 Nf6 2. c4 e6 3. g3 d5 4. cxd5 exd5 5. Bg2 Be7 6. O-O O-O 7. d4 c6 8. Nc3 Bf5 9. Bg5 Nbd7 10. e3 Ne4 11. Bxe7 Qxe7 12. Nh4 Nd6 13. Nxf5 Nxf5 14. Rb1 a5 15. a3 Nb6 16. Qd3 g6 17. Rfc1 Nd6 18. b4 axb4 19. axb4 Nbc4 20. Ra1 b5 21. Qc2 Kg7 22. Qb3 h5 23. h4 Rfe8 24. Ne2 Ne4 25. Nf4 Ned2 26. Qc3 Ne4 27. Bxe4 Qxe4 28. Qd3 Qf3 29. Qe2 Qxe2 30. Nxe2 Ra4 31. Rxa4 bxa4 32. Nc3 a3 33. b5 cxb5 34. Nxb5 Rb8 35. Nc3 Nd2 36. Ra1 Rb3 37. Ra2 Rxc3 38. Rxd2 Kf6 39. Ra2 Kf5 40. Kf1 Kg4 41. Ke2 Rb3 42. Kd2 Rb2+ 43. Rxb2 axb2 44. Kc2 Kf3 45. Kxb2 Kxf2 46. e4 dxe4 47. d5 e3 48. d6 e2 49. d7 e1=Q 50. d8=Q Qe2+ 51. Kb1 Qe4+ 52. Kb2 Kxg3 53. Qg5+ Qg4 54. Qe5+ Qf4 55. Qe7 Qd4+ 56. Ka2 Qxh4 57. Qxf7 Qg4 58. Qc7+ Qf4 59. Qc3+ Qf3 60. Qe5+ Kg4 61. Qe6+ Qf5 62. Qe2+ Kg5 63. Qe3+ Qf4 64. Qe7+ Kh6 65. Qe8 Qc4+ 66. Kb2 Qd4+ 67. Ka2 h4 68. Qf8+ Kh5 69. Qf3+ Kg5 70. Qg2+ Qg4 71. Qd5+ Qf5 72. Qd2+ Kg4 73. Qg2+ Kf4 74. Qh2+ Kg5 75. Qd2+ Qf4 76. Qd8+ Kg4 77. Qd7+ Qf5 78. Qd1+ Kf4 79. Qd2+ Kg3 80. Qd6+ Qf4 81. Qxg6+ Kf2 82. Qc2+ Kg1 83. Qd1+ Kg2 84. Qd5+ Kh2 85. Ka3 Qe3+ 86. Ka4 Qf4+ 87. Ka5 h3 88. Qa2+ Kg3 89. Qb3+ Qf3 90. Qg8+ Qg4 91. Qb3+ Kf2 92. Qc2+ Qe2 93. Qf5+ Qf3 94. Qc2+ Ke3 95. Qc3+ Kf4 96. Qf6+ Kg3 97. Qg5+ Qg4 98. Qe3+ Kh4 99. Qh6+ Qh5+ 100. Qxh5+ Kxh5 101. Kb4 h2 102. Kc4 h1=Q 103. Kd4 Qd1+ 104. Ke4 Qg4+ 105. Ke3 Qf5 106. Kd4 Qe6 107. Kc5 Qd7 108. Kc4 Qd6 109. Kc3 Qd5 110. Kb4 Qc6 111. Ka5 Qb7 112. Ka4 Qb6 113. Ka3 Qb5 114. Ka2 Qb4 115. Ka1 Kg4 116. Ka2 Kf4 117. Ka1 Ke5 118. Ka2 Kd5 119. Ka1 Kd4 120. Ka2 Kc3 121. Ka1 Qb2# 0-1


[Site "https://www.chess.com"]

[Event "Titled Tuesday Blitz November 01 Early 2022"]
[White "Hoffmann, Asa"]
[Black "Goryachkina, Aleksandra"]
[WhiteFideId "2001470"]
[BlackFideId "4147103"]
[WhiteElo "2117"]
[BlackElo "2484"]
[Result "0-1"]
[Round "02"]
[TimeControl "180+1"]
[Date "2022.11.02"]
[WhiteClock "0:00:52"]
[BlackClock "0:00:10"]

1. d4 Nf6 2. Bg5 d5 3. Nd2 h6 4. Bh4 c5 5. e3 Nc6 6. c3 cxd4 7. exd4 Bg4 8. Qb3 Qd7 9. Ngf3 Bxf3 10. Nxf3 e6 11. Bb5 Bd6 12. Bxf6 gxf6 13. O-O a6 14. Bxc6 bxc6 15. Rac1 O-O 16. c4 Kh7 17. Qd3+ f5 18. Rfe1 Rg8 19. Ne5 Bxe5 20. Rxe5 Rg4 21. f3 Rg6 22. cxd5 cxd5 23. Qc2 Rag8 24. g3 Qe7 25. Qc7 Qf6 26. Kf2 f4 27. Rg1 R8g7 28. Qc2 Kh8 29. b4 fxg3+ 30. Rxg3 Qh4 31. Ke3 Rxg3 32. hxg3 Qxg3 33. Qf2 Qh3 34. a4 Rg2 35. Qe1 Qh2 36. b5 axb5 37. axb5 Rb2 38. Qc1 Rb3+ 0-1


[Site "https://www.chess.com"]

[Event "Titled Tuesday Blitz November 01 Early 2022"]
[White "Horcajuelo Rocamora, Martin"]
[Black "Goltseva, Ekaterina"]
[WhiteFideId "24573027"]
[BlackFideId "24173770"]
[WhiteElo "2094"]
[BlackElo "2200"]
[Result "0-1"]
[Round "02"]
[TimeControl "180+1"]
[Date "2022.11.02"]
[WhiteClock "0:01:35"]
[BlackClock "0:00:19"]

1. e4 e5 2. Nf3 Nc6 3. Bc4 Nf6 4. d3 Be7 5. O-O O-O 6. c3 d5 7. exd5 Nxd5 8. Re1 Bg4 9. h3 Bh5 10. Nbd2 Nb6 11. Bb3 Qxd3 12. Nxe5 Bxd1 13. Nxd3 Bxb3 14. Nxb3 Na4 15. Bf4 Rad8 16. Rad1 Bd6 17. Be3 h6 18. Nd4 Ne5 19. Nxe5 Bxe5 20. Rb1 Bxd4 21. Bxd4 c5 22. Be3 b6 23. Rec1 Rd3 24. Rc2 f5 25. g3 g5 26. Rbc1 f4 27. gxf4 gxf4 28. Bd2 c4 29. Kh2 Rf5 30. Rg1+ Kf7 31. Rg4 Rh5 32. Rxf4+ Ke6 33. h4 b5 34. Be3 a6 35. Re2 Kd5 36. Kg3 Re5 37. Kf3 h5 38. Rd4+ Rxd4 39. cxd4 Rf5+ 40. Kg3 Ke4 41. Rd2 c3 42. bxc3 Nxc3 43. Rc2 Nd5 44. Bg5 Kxd4 45. Rc6 Nb4 46. Rh6 Nxa2 47. Rxa6 Nc3 48. Bf6+ Rxf6 0-1


[Site "https://www.chess.com"]

[Event "Titled Tuesday Blitz November 01 Early 2022"]
[White "Horobetz, Graham"]
[Black "Stribuk, Artiom"]
[WhiteFideId "2047322"]
[BlackFideId "13515659"]
[WhiteElo "2577"]
[BlackElo "2279"]
[Result "1-0"]
[Round "02"]
[TimeControl "180+1"]
[Date "2022.11.02"]
[WhiteClock "0:00:17"]
[BlackClock "0:00:07"]

1. e4 c5 2. Nf3 Nc6 3. d4 cxd4 4. Nxd4 Nf6 5. Nc3 e5 6. Ndb5 d6 7. Nd5 Nxd5 8. exd5 Ne7 9. a4 a6 10. Na3 Qa5+ 11. Bd2 Qxd5 12. Nc4 Qc6 13. a5 Ng6 14. Bb4 Be6 15. Nxd6+ Bxd6 16. Qxd6 Qe4+ 17. Be2 Rd8 18. Qc5 Rd5 19. f3 Rxc5 20. fxe4 Rxc2 21. g3 Rxb2 22. Ba3 Rb3 23. O-O Kd7 24. Rfd1+ Kc8 25. Rac1+ Kb8 26. Bd6+ Ka8 27. Bc7 Re3 28. Bxa6 bxa6 29. Rd6 Bc8 30. Rb6 Bb7 31. Rcb1 Bxe4 32. Rxa6# 1-0


[Site "https://www.chess.com"]

[Event "Titled Tuesday Blitz November 01 Early 2022"]
[White "Ismayil, Malak"]
[Black "Shandrygin, Nikita"]
[WhiteFideId "13412604"]
[BlackFideId "24198668"]
[WhiteElo "1879"]
[BlackElo "2323"]
[Result "0-1"]
[Round "02"]
[TimeControl "180+1"]
[Date "2022.11.02"]
[WhiteClock "0:00:03"]
[BlackClock "0:00:49"]

1. e4 c5 2. Nf3 e6 3. g3 d5 4. exd5 exd5 5. Bg2 Nf6 6. O-O Be7 7. Re1 O-O 8. d4 Nc6 9. Bg5 h6 10. Bf4 Ne4 11. Nbd2 Bf5 12. c3 Qb6 13. Qb3 Rfd8 14. Rad1 Bf6 15. dxc5 Qxc5 16. Be3 Qa5 17. Nxe4 Bxe4 18. Nd4 Ne5 19. Bxe4 dxe4 20. Qxb7 Rdb8 21. Qxe4 Qxa2 22. b3 Re8 23. Qb1 Qa6 24. c4 Qb7 25. Qf5 Rad8 26. c5 Rxd4 27. Bxd4 Nf3+ 28. Kf1 Nxe1 0-1


[Site "https://www.chess.com"]

[Event "Titled Tuesday Blitz November 01 Early 2022"]
[White "Itkis, Boris"]
[Black "Garv Gaur"]
[WhiteFideId "1209167"]
[BlackFideId "45030839"]
[WhiteElo "2232"]
[BlackElo "1960"]
[Result "0-1"]
[Round "02"]
[TimeControl "180+1"]
[Date "2022.11.02"]
[WhiteClock "0:00:02"]
[BlackClock "0:00:09"]

1. c4 e6 2. Nf3 d5 3. g3 Nf6 4. Bg2 Be7 5. O-O O-O 6. b3 b6 7. Bb2 Bb7 8. e3 c5 9. Qe2 Nc6 10. Ne1 d4 11. f4 Qd7 12. g4 Rfd8 13. g5 Ne8 14. Na3 Nd6 15. Nac2 Nf5 16. d3 dxe3 17. Nxe3 Ncd4 18. Qf2 Nxe3 19. Qxe3 Bxg2 20. Kxg2 Nf5 21. Qe2 Qc6+ 22. Kg1 Nd4 23. Bxd4 Rxd4 24. Nc2 Rd7 25. Rad1 Rad8 26. Ne3 Bd6 27. Ng4 Bb8 28. h4 Rd4 29. Qe3 Qd6 30. Ne5 f6 31. gxf6 gxf6 32. Qg3+ Kf8 33. Kh1 Re8 34. Kh2 Qc7 35. Qg4 fxe5 36. fxe5+ Ke7 37. Qg7+ Kd8 38. Rf7 Rd7 39. Rdf1 Qxe5+ 40. Qxe5 Bxe5+ 41. Kh3 Rxd3+ 42. Kg4 Rg8+ 43. Kh5 Rd4 44. Rf8+ Rxf8 45. Rxf8+ Ke7 46. Ra8 Bg3 47. Rxa7+ Kf6 48. Rb7 Rxh4# 0-1


[Site "https://www.chess.com"]

[Event "Titled Tuesday Blitz November 01 Early 2022"]
[White "Jia, Haoxiang"]
[Black "Kovalenko, Igor"]
[WhiteFideId "8602999"]
[BlackFideId "14117908"]
[WhiteElo "2630"]
[BlackElo "2574"]
[Result "1-0"]
[Round "02"]
[TimeControl "180+1"]
[Date "2022.11.01"]
[WhiteClock "0:00:46"]
[BlackClock "0:01:47"]

1. d4 Nf6 2. Nf3 g6 3. g3 Bg7 4. Bg2 O-O 5. O-O a6 6. c4 d6 7. Nc3 Nc6 8. d5 Na5 9. Nd2 c5 10. Qc2 Rb8 11. b3 b5 12. Rb1 e5 13. dxe6 Bxe6 14. Nd1 Re8 15. Ne3 Qd7 16. Rd1 Nc6 17. Bxc6 Qxc6 18. Bb2 Bh3 19. Nf3 Rxe3 20. fxe3 Bf5 21. Qd2 Bxb1 22. Rxb1 bxc4 23. bxc4 Qe4 24. Rd1 Bh6 25. Bc1 Ng4 26. Qxd6 Bxe3+ 27. Bxe3 Qxe3+ 28. Kh1 Rb2 29. Rd2 Rb1+ 30. Kg2 h5 31. Qf4 Qf2+ 32. Kh3 Rh1 33. Kh4 Rxh2+ 34. Kg5 Kg7 35. Rd7 Nh6 36. Qf6+ Kh7 37. Rxf7+ Nxf7+ 38. Qxf7+ Kh8 39. Qe8+ Kg7 40. Qe7+ Kg8 41. Kf6 1-0


[Site "https://www.chess.com"]

[Event "Titled Tuesday Blitz November 01 Early 2022"]
[White "Jiganchine, Roman"]
[Black "Gulevich, Artem"]
[WhiteFideId "2603667"]
[BlackFideId "24119580"]
[WhiteElo "2314"]
[BlackElo "2218"]
[Result "0-1"]
[Round "02"]
[TimeControl "180+1"]
[Date "2022.11.02"]
[WhiteClock "0:00:10"]
[BlackClock "0:00:30"]

1. Nf3 Nf6 2. c4 c6 3. Nc3 d5 4. e3 e6 5. b3 b6 6. Bb2 Bb7 7. d4 Nbd7 8. Bd3 Be7 9. O-O O-O 10. Qe2 c5 11. Rfd1 Rc8 12. Rac1 cxd4 13. exd4 Re8 14. Ne5 dxc4 15. bxc4 Nxe5 16. dxe5 Nd7 17. Bxh7+ Kxh7 18. Qh5+ Kg8 19. Rd3 g6 20. Rg3 Bf8 21. Nb5 Bg7 22. Qg4 Nxe5 23. Qf4 Nd3 24. Rxd3 Qxd3 25. Bxg7 Kxg7 26. Nd6 Re7 27. Nxc8 Bxc8 28. Qe5+ Kg8 29. Qf6 Rd7 30. h4 Bb7 31. h5 Qf5 32. Qc3 Qxh5 33. c5 Qxc5 34. Qb2 Qd5 35. f3 Qd4+ 36. Qxd4 Rxd4 37. Rc7 Bd5 38. Rxa7 Rd1+ 39. Kf2 Rd2+ 40. Ke3 Rxa2 0-1


[Site "https://www.chess.com"]

[Event "Titled Tuesday Blitz November 01 Early 2022"]
[White "Johnson, Ben"]
[Black "Jaracz, Pawel"]
[WhiteFideId "2010917"]
[BlackFideId "1102222"]
[WhiteElo "2119"]
[BlackElo "2459"]
[Result "1-0"]
[Round "02"]
[TimeControl "180+1"]
[Date "2022.11.02"]
[WhiteClock "0:00:07"]
[BlackClock "0:00:15"]

1. Nf3 f5 2. d4 Nf6 3. c4 e6 4. g3 b6 5. Bg2 Bb7 6. O-O Be7 7. Nc3 O-O 8. Re1 Bb4 9. Bg5 h6 10. Bxf6 Qxf6 11. Qb3 c5 12. a3 Bxc3 13. Qxc3 Nc6 14. e3 Rac8 15. Ne5 Qe7 16. Nxc6 Bxc6 17. d5 Ba8 18. dxe6 dxe6 19. Bxa8 Rxa8 20. Qe5 Rad8 21. Rad1 Qf6 22. Qxf6 gxf6 23. e4 Rxd1 24. Rxd1 fxe4 25. Rd6 e5 26. Kf1 Kg7 27. Ke2 f5 28. Rd5 Kf6 29. Rd6+ Kg7 30. Rd5 Re8 31. Rd7+ Kf6 32. Rxa7 Rd8 33. Ra6 Rd6 34. a4 Ke7 35. Ra7+ Kf6 36. Rh7 Kg6 37. Rb7 f4 38. Re7 Kf6 39. Re8 Kf5 40. g4+ Kxg4 41. Rxe5 Rd4 42. b3 h5 43. Re6 h4 44. Rxb6 Rd3 45. a5 f3+ 46. Ke1 Kh3 47. a6 Rd7 48. Rb7 Rd6 49. a7 Ra6 50. Re7 Ra2 51. Rxe4 Kxh2 52. Rxh4+ Kg2 53. Rg4+ Kh1 54. Rf4 Re2+ 55. Kf1 Ra2 56. Rxf3 Rxa7 57. Ke2 Rc7 58. Ke3 Rd7 59. Rf5 Kg2 60. Rxc5 Kf1 61. Rd5 Re7+ 62. Kd3 Re1 63. Kd4 Rb1 64. Kc3 Rc1+ 65. Kd4 Re1 66. Rb5 Ke2 67. b4 Kd2 68. Re5 Rf1 69. Kc5 Rxf2 70. Rd5+ Kc3 71. b5 Rf8 72. b6 Rc8+ 73. Kb5 Rxc4 74. Rc5 Rxc5+ 75. Kxc5 1-0


[Site "https://www.chess.com"]